 Dungeon Crawl Stone Soup version 0.28-a0-773-g130ae17fe5 (webtiles) character file.

Game seed: 15059825913113098460

0 meatgazer the Skirmisher (level 1, -9/18 HPs)
             Began as a Demonspawn Abyssal Knight on Nov 1, 2021.
             Was a Follower of Lugonu.
             Killed from afar by a raiju (17 damage)
             ... with a living lightning
             ... on level 4 of the Abyss.
             The game lasted 00:00:36 (194 turns).

meatgazer the Skirmisher (Demonspawn Abyssal Knight) Turns: 194, Time: 00:00:36

Health: -9/18      AC:  4    Str: 13    XL:     1   Next: 0%
Magic:  2/2        EV: 11    Int: 11    God:    Lugonu [*.....]
Gold:   13         SH:  0    Dex: 13    Spells: 0/0 levels left

rFire   . . .      SeeInvis .   a - +1 falchion
rCold   . . .      Faith    .   (no shield)
rNeg    . . .      Spirit   .   b - +1 leather armour
rPois   .          Reflect  .   (no helmet)
rElec   .          Harm     .   (no cloak)
rCorr   .          Rampage  .   (no gloves)
Will    .....                   (no boots)
Stlth   +.........              (no amulet)
HPRegen 0.06/turn               (no ring)
MPRegen 0.08/turn               (no ring)

@: no status effects
A: no striking features
a: Renounce Religion, Depart the Abyss


You were on level 4 of the Abyss.
You worshipped Lugonu.
Lugonu was aware of your devotion.
You visited 0 branches of the dungeon, and saw 0 of its levels.
You visited the Abyss 1 time.

You collected 13 gold pieces.

Inventory:

Hand Weapons
 a - a +1 falchion (weapon)
Armour
 b - a +1 leather armour (worn)


   Skills:
 + Level 3.0 Fighting
 + Level 1.7 Long Blades
 + Level 1.7 Armour
 + Level 0.8 Dodging
 + Level 2.4 Invocations


You couldn't memorise any spells.
You didn't know any spells.
Your spell library was empty.

Dungeon Overview and Level Annotations

Branches:
Dungeon (0/15)

Altars:


Message History

The bush is lightly damaged.
You hit the bush but do no damage.
The bush is lightly damaged.
There is a gateway leading deeper into the Abyss here.
You plunge deeper into the Abyss.
Found a chain mail and 92 gold pieces.
Found a corrupted altar of Lugonu.
You see here a +0 chain mail.
Found a gateway leading deeper into the Abyss.
There is a gateway leading deeper into the Abyss here.
You plunge deeper into the Abyss.
The abyssal rune of Zot can be found at this depth.
Found a gateway leading deeper into the Abyss.
Found a scroll labelled LID TAELIFAHU.
c - a scroll labelled LID TAELIFAHU
There is a gateway leading deeper into the Abyss here.
You plunge deeper into the Abyss.
The abyssal rune of Zot can be found at this depth.
Found 13 gold pieces.
Found a great sword.
You now have 13 gold pieces.
d - a scroll labelled PAICVYAKI A raiju comes into view.
The raiju barks!
You hear a bark! x2
A raiju comes into view.
As you read the scroll labelled LID TAELIFAHU, it crumbles to dust.
It is a scroll of enchant armour.
Your +0 leather armour glows green for a moment.
A raiju comes into view.
As you read the scroll labelled PAICVYAKI, it crumbles to dust.
It is a scroll of identify.
You don't have any unidentified items.
The raiju barks!
You hear a bark!
The raiju bursts into living lightning!
The living lightning hits you!
Ouch! That really hurt!
The raiju blinks! x2
The raiju bursts into living lightning!
The living lightning hits you!
Ouch! That really hurt!
You die...

# .. ..#. .. .
.###....# # #. ..#
#....#...##..#
.##................#
..#.#..#.....#
#....#..#...#......
#.#...##....# .#..#
..##.....#..#.## ..
. .......@.#.#.#.# .
......#.#.##.#.. .
..... #h..#..#.#.# .
.... #.####.........
... ... #..#.#. #..
.......∩..# .. ....)
#.?.#.#..# #.# .#.
......# # . ...
§...# ... ..


You could see a raiju.

Vanquished Creatures
  A bush (Abyss:1)
1 creature vanquished.

Notes
Turn   | Place    | Note
-------+----------+-------------------------------------------
     0 | Abyss:1  | meatgazer the Demonspawn Abyssal Knight began the quest for
                  | the Orb.
     0 | Abyss:1  | Reached XP level 1. HP: 18/18 MP: 2/2
   130 | Abyss:2  | Found a corrupted altar of Lugonu.
   139 | Abyss:2  | Found a corrupted altar of Lugonu.
   190 | Abyss:4  | Noticed a raiju
   190 | Abyss:4  | Noticed a raiju
   192 | Abyss:4  | Noticed a raiju
   194 | Abyss:4  | Killed from afar by a raiju

Illustrated notes

Levels and vault maps discovered:
Abyss:4:  base: Temple, evilmike_abyss_rune_tso_outpost, minivault_26,
          minivault_19

Action                   || total
-------------------------++-------
Melee: Falchion          ||   118
  Use: Scroll            ||     2

Table legend: (Time is in decaauts)
 A = Elapsed time spent in this place.
 B = Non-inter-level travel time spent in this place.
 C = Inter-level travel time spent in this place.
 D = Time resting spent in this place.
 E = Time spent auto-exploring this place.
 F = Levels seen in this place.
 G = Mean time per level.
                   A        B        C        D        E       F      G
               +--------+--------+--------+--------+--------+-----+--------+
         Total |    218 |    218 |      0 |      0 |     26 |   4 |   54.5 |
         Abyss |    218 |    218 |      0 |      0 |     26 |   4 |   54.5 |
               +--------+--------+--------+--------+--------+-----+--------+

Top non-repeatable levels by time:
 Abyss:1: 155 daAuts
 Abyss:3: 31 daAuts
 Abyss:4: 20 daAuts
 Abyss:2: 10 daAuts
